 Dungeon Crawl Stone Soup version 0.31-b1-20-g67cafac56d (webtiles) character file.

Game seed: 14256844963452544750

50 HakonGodeson the Chopper (level 3, 0/29 HPs)
             Began as a Human Chaos Knight on Jan 18, 2024.
             Was a Plaything of Xom.
             Slain by an orc
             ... wielding a +0 dagger
              (2 damage)
             ... on level 3 of the Dungeon.
             The game lasted 00:01:43 (199 turns).

HakonGodeson the Chopper (Human Chaos Knight)        Turns: 199, Time: 00:01:43

Health: 0/29       AC:  5    Str: 14    XL:     3   Next: 79%
Magic:  3/3        EV: 11    Int: 12    God:    Xom [..*...]
Gold:   0          SH:  0    Dex: 12    Spells: 2/2 levels left

rFire   . . .        a - +0 hand axe (chaos)
rCold   . . .        (no shield)
rNeg    . . .        b - +2 leather armour
rPois   .            (no helmet)
rElec   .            (no cloak)
rCorr   .            (no gloves)
SInv    .            (no boots)
Will    .....        (no amulet)
Stlth   +            (no ring)
HPRegen 0.24/turn    (no ring)
MPRegen 0.08/turn

%: no passive effects
@: no status effects
A: explore regen
a: Renounce Religion


You were on level 3 of the Dungeon.
You worshipped Xom.
You were a toy of Xom.
You visited 1 branch of the dungeon, and saw 3 of its levels.

Inventory:

Hand Weapons
 a - a +0 hand axe of chaos (weapon)
Armour
 b - a +2 leather armour (worn)
Scrolls
 c - a scroll of butterflies
 d - a scroll of teleportation {unknown}
 f - a scroll of identify {unknown}


   Skills:
 * Level 3.5 Fighting
 * Level 3.6 Axes
 * Level 2.2 Armour
 * Level 1.3 Dodging
 * Level 1.3 Stealth


You had 2 spell levels left.
You didn't know any spells.
Your spell library was empty.

Dungeon Overview and Level Annotations

Branches:
Dungeon (3/15)

Altars:


Innate Abilities, Weirdness & Mutations

You regain HP and MP as you explore.


Message History

You hit the orc but do no damage. You closely miss the orc.
The orc hits you with a +0 dagger. The orc hits you but does no damage.
You completely miss the orc. x2; The orc closely misses you.
The orc barely misses you.
A hobgoblin comes into view.
You barely miss the orc. x2
The hobgoblin shouts!
The orc hits you with a +0 dagger. The orc hits you but does no damage.
The orc hits you with a +0 dagger. The orc hits you with a +0 short sword.
You hit the orc. You freeze the orc.
The orc is heavily wounded.
You barely miss the orc. The orc hits you with a +0 short sword.
* * * LOW HITPOINT WARNING * * *
The orc hits you but does no damage.
You hit the orc but do no damage.
The orc is heavily wounded.
You hit the orc but do no damage. You drain the orc.
The orc hits you but does no damage. The orc hits you with a +0 short sword.
* * * LOW HITPOINT WARNING * * *
Unknown command.
You hit the orc.
You kill the orc!
You closely miss the hobgoblin. You completely miss the orc.
The orc hits you with a +0 dagger.
* * * LOW HITPOINT WARNING * * *
The hobgoblin hits you but does no damage.
Unknown command.
You aren't carrying any potions.
Unknown command.
Okay, then.
The orc hits you with a +0 dagger.
* * * LOW HITPOINT WARNING * * *
The hobgoblin barely misses you.
Things that are here:
a +0 short sword; a +0 leather armour; an orc corpse The orc attacks as it pursues you!
The orc barely misses you.
The hobgoblin attacks as it pursues you!
The hobgoblin closely misses you. The orc hits you with a +0 dagger.
You die... "I guess I need a new plaything now."

#.#..# #.#..#
..>.. # #..#
##.###..#####
........))).###
##.......))...##..
##.###..##o.......
#....<...@g#.#.!..
#..#######........
#.. ..#.#.#.. #
##.....# .
..###... ... ###.
#.# #..


You could see an orc and a hobgoblin.

Vanquished Creatures
  3 gnolls (D:2)
  A dart slug (D:1)
  4 orcs (D:3)
  A bat (D:2)
  An endoplasm (D:1)
  A goblin (D:1)
  A hobgoblin (D:2)
  2 jackals (D:1)
  A kobold (D:3)
  A rat (D:3)
16 creatures vanquished.

Notes
Turn   | Place    | Note
-------+----------+-------------------------------------------
     0 | D:1      | HakonGodeson the Human Chaos Knight began the quest for the
                  | Orb.
     0 | D:1      | Reached XP level 1. HP: 18/18 MP: 1/1
    56 | D:1      | Reached XP level 2. HP: 24/24 MP: 2/2
    68 | D:1      | You fall into a shaft and drop 1 floor!
    73 | D:2      | XOM: potion effect (invisibility)
    91 | D:2      | Reached skill level 1 in Stealth
    91 | D:2      | Reached XP level 3. HP: 29/29 MP: 3/3
   196 | D:3      | HP: 1/29 [orc/+0 dagger (1)]
   199 | D:3      | Slain by an orc

Illustrated notes

Levels and vault maps discovered:
D:1:      mainiacjoe_arrival_oval_in_oval, layout_basic, serial_bayou_lagoon_a,
          nicolae_wormholes
D:2:      minmay_general_purpose_star, layout_rooms, serial_shops, shop,
          nicolae_twisty_statue_hallways
D:3:      layout_loops_ring, mainiacjoe_overflow_concentric_impassable,
          serial_glass, glass_columns_a, glass_columns_a,
          minmay_fractal_squares_5, uniq_natasha

Skill      XL: |  1  2 |
---------------+-------+-----
Stealth        | 1 |  1.3
Fighting       | |  3.5
Axes           | |  3.6
Armour         | |  2.2
Dodging        | |  1.3

Action                     || total
---------------------------++-------
  Melee: Hand axe          ||    61
    Use: Scroll            ||     1
   Stab: Petrified         ||     6
         Invisible         ||     1
         Petrifying        ||     1
 Armour: Leather armour    ||    45
  Dodge: Dodged            ||    50
